[ PARTIDA AOE2 · #506637388 ]
UnrankedIndostaníes vs Byzantines
Equipo del jugador · DERR
Equipo rival · VICT
[ ANÁLISIS DE REPETICIÓN · EXTRAÍDO DE LA PARTIDA GRABADA ]
Feudal
8:50
Castillos
21:52
Imperial
—
| APM promedio | 65.3 |
| APM pico | 99 |
| eAPM promedio | 23.5 |
| Aldeanos / militares | 69 / 48 |
Foco
⚔️ 27.9% · 🌾 72.1%
Skirmisher ×30 · Archer ×10 · Scout Cavalry ×4 · Camel Scout ×2 · Mangonel ×1 · Spearman ×1
Feudal
10:51
Castillos
23:36
Imperial
—
| APM promedio | 68.9 |
| APM pico | 108 |
| eAPM promedio | 26.0 |
| Aldeanos / militares | 72 / 47 |
Foco
⚔️ 39.1% · 🌾 60.9%
Archer ×37 · Militia ×8 · Mangonel ×2
Mapa de la partida
Recursos iniciales + cada clic de construcción. Líneas = muros · curvas = relieve. ◆ oro · ⬟ piedra · ● bayas · ✦ reliquia · ◌ hueco del cierre
Tu base· ✓ Cerrada en 21:52 · 31t muro · 1 puerta(s)
Base de Macluffy· ✓ Cerrada en 23:36 · 57t muro · 1 puerta(s)
Terreno inicial suavizado · ◌ = hueco del cierre detectado · pasá el cursor para detalles
Inputs por minuto
— Old Boris - - Macluffy
Build order — Old Boris
Primeras 150 de 210 acciones detectadas
| 0:00 | Encolar | Villager (Male) |
| 0:00 | Encolar | Villager (Male) |
| 0:01 | Encolar | Villager (Male) |
| 0:01 | Encolar | Villager (Male) |
| 0:02 | Construir | House |
| 0:03 | Construir | House |
| 1:29 | Encolar | Villager (Male) |
| 1:44 | Encolar | Villager (Male) |
| 2:01 | Encolar | Villager (Male) |
| 2:21 | Encolar | Villager (Male) |
| 2:35 | Construir | Mill |
| 2:42 | Encolar | Villager (Male) |
| 3:37 | Encolar | Villager (Male) |
| 3:41 | Construir | House |
| 3:53 | Encolar | Villager (Male) |
| 3:58 | Encolar | Villager (Male) |
| 4:11 | Encolar | Villager (Male) |
| 4:27 | Encolar | Villager (Male) |
| 4:48 | Encolar | Villager (Male) |
| 5:21 | Construir | Lumber Camp |
| 6:02 | Investigar | Loom |
| 6:29 | Investigar | Feudal Age |
| 7:47 | Construir | Barracks |
| 7:51 | Construir | House |
| 8:39 | Encolar | Villager (Male) |
| 8:50 | Edad | Edad Feudal |
| 8:55 | Construir | Stable |
| 8:55 | Encolar | Spearman |
| 9:04 | Investigar | Double-Bit Axe |
| 9:14 | Encolar | Villager (Male) |
| 9:17 | Construir | House |
| 9:29 | Encolar | Villager (Male) |
| 9:34 | Encolar | Villager (Male) |
| 9:37 | Construir | House |
| 9:42 | Encolar | Scout Cavalry |
| 9:42 | Encolar | Scout Cavalry |
| 10:07 | Construir | Mill |
| 10:12 | Construir | House |
| 10:17 | Encolar | Scout Cavalry |
| 10:23 | Encolar | Villager (Male) |
| 10:56 | Encolar | Scout Cavalry |
| 10:56 | Encolar | Villager (Male) |
| 11:01 | Construir | Farm |
| 11:02 | Construir | Farm |
| 11:02 | Construir | Farm |
| 11:02 | Construir | Farm |
| 11:02 | Construir | Farm |
| 11:11 | Encolar | Villager (Male) |
| 11:13 | Construir | Farm |
| 11:25 | Encolar | Villager (Male) |
| 11:38 | Encolar | Villager (Male) |
| 12:03 | Encolar | Villager (Male) |
| 12:04 | Construir | Archery Range |
| 12:11 | Construir | House |
| 12:28 | Construir | Mining Camp |
| 12:31 | Construir | House |
| 12:39 | Encolar | Villager (Male) |
| 12:49 | Construir | Farm |
| 12:54 | Encolar | Archer |
| 12:58 | Construir | Palisade Gate |
| 12:59 | Construir | House |
| 13:42 | Encolar | Villager (Male) |
| 13:44 | Encolar | Archer |
| 14:01 | Encolar | Villager (Male) |
| 14:03 | Construir | Farm |
| 14:05 | Construir | Farm |
| 14:11 | Construir | Palisade Wall |
| 14:13 | Construir | Palisade Wall |
| 14:15 | Encolar | Archer |
| 14:16 | Encolar | Villager (Male) |
| 14:24 | Encolar | Villager (Male) |
| 14:29 | Construir | House |
| 14:30 | Construir | House |
| 14:32 | Construir | Palisade Wall |
| 14:41 | Encolar | Archer |
| 14:48 | Encolar | Villager (Male) |
| 14:55 | Encolar | Villager (Male) |
| 14:58 | Construir | Blacksmith |
| 15:01 | Construir | Palisade Wall |
| 15:12 | Construir | Farm |
| 15:13 | Encolar | Archer |
| 15:25 | Construir | House |
| 15:34 | Construir | Palisade Wall |
| 15:37 | Investigar | Fletching |
| 15:40 | Encolar | Villager (Male) |
| 15:45 | Construir | House |
| 15:47 | Construir | Palisade Wall |
| 15:53 | Construir | Farm |
| 16:09 | Encolar | Villager (Male) |
| 16:17 | Construir | Palisade Wall |
| 16:27 | Construir | Farm |
| 16:30 | Construir | Farm |
| 16:32 | Encolar | Archer |
| 16:43 | Encolar | Archer |
| 16:52 | Construir | House |
| 16:54 | Construir | House |
| 16:56 | Construir | House |
| 17:08 | Encolar | Archer |
| 17:10 | Investigar | Padded Archer Armor |
| 17:44 | Encolar | Archer |
| 18:00 | Encolar | Archer |
| 18:18 | Encolar | Skirmisher |
| 18:22 | Construir | Farm |
| 18:32 | Construir | Farm |
| 18:40 | Construir | House |
| 18:43 | Encolar | Villager (Male) |
| 19:05 | Construir | Palisade Wall |
| 19:10 | Encolar | Villager (Male) |
| 19:12 | Investigar | Castle Age |
| 19:24 | Construir | Farm |
| 19:32 | Construir | Lumber Camp |
| 19:42 | Encolar | Skirmisher |
| 19:42 | Encolar | Skirmisher |
| 19:48 | Construir | Archery Range |
| 20:00 | Investigar | Horse Collar |
| 20:11 | Encolar | Skirmisher |
| 20:30 | Encolar | Skirmisher |
| 20:35 | Construir | Farm |
| 20:37 | Construir | Farm |
| 20:44 | Encolar | Skirmisher |
| 20:52 | Encolar | Skirmisher |
| 20:59 | Investigar | Gold Mining |
| 21:14 | Encolar | Skirmisher |
| 21:18 | Encolar | Villager (Male) |
| 21:23 | Construir | Farm |
| 21:24 | Construir | Farm |
| 21:42 | Encolar | Skirmisher |
| 21:43 | Encolar | Villager (Male) |
| 21:52 | Edad | Edad de los Castillos |
| 22:06 | Investigar | Bodkin Arrow |
| 22:17 | Investigar | Elite Skirmisher (upgrade) |
| 22:17 | Investigar | Elite Skirmisher (upgrade) |
| 22:19 | Encolar | Villager (Male) |
| 22:25 | Encolar | Camel Scout |
| 22:33 | Encolar | Skirmisher |
| 22:50 | Encolar | Skirmisher |
| 22:52 | Encolar | Camel Scout |
| 22:53 | Encolar | Villager (Male) |
| 23:08 | Encolar | Villager (Male) |
| 23:14 | Encolar | Villager (Male) |
| 23:18 | Construir | Town Center |
| 23:22 | Construir | House |
| 23:26 | Encolar | Villager (Male) |
| 23:39 | Encolar | Skirmisher |
| 23:39 | Encolar | Skirmisher |
| 23:49 | Investigar | Leather Archer Armor |
| 24:17 | Encolar | Villager (Male) |
| 24:23 | Encolar | Villager (Male) |
| 24:25 | Encolar | Villager (Male) |
| 24:28 | Construir | Town Center |
Build order — Macluffy
Primeras 150 de 221 acciones detectadas
| 0:01 | Encolar | Villager (Male) |
| 0:01 | Encolar | Villager (Male) |
| 0:01 | Encolar | Villager (Male) |
| 0:02 | Construir | House |
| 0:03 | Construir | House |
| 0:07 | Encolar | Villager (Male) |
| 1:23 | Encolar | Villager (Male) |
| 1:53 | Construir | Lumber Camp |
| 1:59 | Encolar | Villager (Male) |
| 2:12 | Encolar | Villager (Male) |
| 2:42 | Encolar | Villager (Male) |
| 2:59 | Encolar | Villager (Male) |
| 3:29 | Encolar | Villager (Male) |
| 3:47 | Encolar | Villager (Male) |
| 3:51 | Construir | House |
| 4:28 | Construir | Barracks |
| 4:31 | Encolar | Villager (Male) |
| 4:53 | Encolar | Villager (Male) |
| 5:03 | Construir | House |
| 5:13 | Encolar | Villager (Male) |
| 5:24 | Encolar | Militia |
| 5:24 | Encolar | Militia |
| 5:33 | Encolar | Villager (Male) |
| 6:02 | Construir | Palisade Wall |
| 6:07 | Encolar | Militia |
| 6:11 | Encolar | Villager (Male) |
| 6:23 | Construir | Palisade Wall |
| 6:28 | Construir | Palisade Wall |
| 6:36 | Encolar | Villager (Male) |
| 6:49 | Construir | House |
| 6:55 | Construir | House |
| 7:06 | Investigar | Loom |
| 7:21 | Construir | Mill |
| 7:28 | Encolar | Villager (Male) |
| 7:40 | Construir | Palisade Wall |
| 7:48 | Encolar | Villager (Male) |
| 7:56 | Construir | Palisade Wall |
| 8:41 | Investigar | Feudal Age |
| 9:12 | Construir | Mining Camp |
| 9:28 | Construir | Mill |
| 9:32 | Encolar | Villager (Male) |
| 9:49 | Construir | Palisade Wall |
| 10:15 | Encolar | Militia |
| 10:17 | Construir | Palisade Wall |
| 10:18 | Construir | Palisade Wall |
| 10:19 | Construir | Palisade Wall |
| 10:19 | Construir | Palisade Wall |
| 10:32 | Construir | Palisade Wall |
| 10:41 | Encolar | Villager (Male) |
| 10:51 | Edad | Edad Feudal |
| 10:54 | Investigar | Man-at-Arms (upgrade) |
| 10:54 | Investigar | Man-at-Arms (upgrade) |
| 11:09 | Construir | Archery Range |
| 11:11 | Encolar | Villager (Male) |
| 11:19 | Construir | Farm |
| 11:21 | Construir | Farm |
| 11:28 | Construir | House |
| 11:31 | Encolar | Villager (Male) |
| 11:40 | Construir | House |
| 11:49 | Construir | Palisade Wall |
| 11:50 | Construir | Palisade Wall |
| 11:52 | Encolar | Militia |
| 12:10 | Encolar | Archer |
| 12:18 | Encolar | Militia |
| 12:21 | Construir | House |
| 12:25 | Construir | Palisade Gate |
| 12:29 | Construir | House |
| 12:31 | Construir | Palisade Wall |
| 12:32 | Construir | Palisade Wall |
| 12:33 | Construir | Palisade Wall |
| 12:35 | Construir | Palisade Wall |
| 12:37 | Construir | Farm |
| 12:38 | Encolar | Villager (Male) |
| 12:46 | Construir | Farm |
| 12:48 | Encolar | Archer |
| 13:02 | Encolar | Villager (Male) |
| 13:09 | Construir | House |
| 13:21 | Encolar | Villager (Male) |
| 13:32 | Construir | Palisade Wall |
| 13:34 | Construir | Palisade Wall |
| 13:40 | Encolar | Archer |
| 13:40 | Encolar | Villager (Male) |
| 13:47 | Construir | Farm |
| 13:58 | Encolar | Villager (Male) |
| 14:02 | Encolar | Archer |
| 14:06 | Construir | Palisade Wall |
| 14:12 | Encolar | Villager (Male) |
| 14:30 | Encolar | Villager (Male) |
| 14:45 | Encolar | Archer |
| 14:46 | Encolar | Villager (Male) |
| 14:48 | Construir | Farm |
| 15:10 | Construir | Blacksmith |
| 15:17 | Encolar | Villager (Male) |
| 15:23 | Construir | House |
| 15:32 | Investigar | Double-Bit Axe |
| 15:41 | Investigar | Arson |
| 15:42 | Encolar | Archer |
| 16:03 | Investigar | Fletching |
| 16:06 | Construir | Farm |
| 16:08 | Construir | Farm |
| 16:13 | Encolar | Villager (Male) |
| 16:26 | Construir | Farm |
| 16:30 | Construir | Farm |
| 16:37 | Encolar | Archer |
| 16:41 | Encolar | Villager (Male) |
| 16:48 | Encolar | Villager (Male) |
| 17:11 | Encolar | Archer |
| 17:11 | Encolar | Villager (Male) |
| 17:14 | Construir | Farm |
| 17:20 | Encolar | Villager (Male) |
| 17:44 | Encolar | Villager (Male) |
| 17:50 | Encolar | Archer |
| 17:51 | Encolar | Villager (Male) |
| 18:02 | Encolar | Villager (Male) |
| 18:07 | Encolar | Archer |
| 18:13 | Encolar | Villager (Male) |
| 18:18 | Encolar | Archer |
| 18:23 | Encolar | Villager (Male) |
| 18:36 | Encolar | Archer |
| 18:38 | Construir | Lumber Camp |
| 18:40 | Construir | Farm |
| 18:40 | Construir | Farm |
| 18:40 | Construir | Farm |
| 19:06 | Encolar | Archer |
| 19:07 | Encolar | Villager (Male) |
| 19:13 | Encolar | Archer |
| 19:20 | Construir | Archery Range |
| 19:21 | Construir | Farm |
| 19:34 | Construir | Market |
| 19:47 | Encolar | Archer |
| 19:54 | Encolar | Villager (Male) |
| 20:07 | Encolar | Militia |
| 20:07 | Encolar | Militia |
| 20:15 | Construir | House |
| 20:25 | Encolar | Archer |
| 20:37 | Construir | Farm |
| 20:56 | Investigar | Castle Age |
| 21:25 | Encolar | Archer |
| 21:27 | Encolar | Villager (Male) |
| 21:42 | Construir | Palisade Wall |
| 21:48 | Encolar | Archer |
| 21:58 | Encolar | Archer |
| 22:18 | Encolar | Archer |
| 22:19 | Encolar | Villager (Male) |
| 22:33 | Investigar | Horse Collar |
| 22:34 | Investigar | Gold Mining |
| 22:45 | Investigar | Padded Archer Armor |
| 22:46 | Encolar | Archer |
| 22:51 | Construir | House |
| 23:18 | Encolar | Villager (Male) |
Cronología de la partida
| 4:28 | Macluffy · first_building Barracks |
| 6:02 | Macluffy · wall_segment Palisade Wall x5 |
| 6:23 | Macluffy · wall_segment Palisade Wall x1 |
| 6:28 | Macluffy · wall_segment Palisade Wall x1 |
| 7:40 | Macluffy · wall_segment Palisade Wall x6 |
| 7:47 | Old Boris · first_building Barracks |
| 7:56 | Macluffy · wall_segment Palisade Wall x11 |
| 8:50 | Old Boris · age_up feudal |
| 8:55 | Old Boris · first_building Stable |
| 9:49 | Macluffy · wall_segment Palisade Wall x15 |
| 10:17 | Macluffy · wall_segment Palisade Wall x1 |
| 10:18 | Macluffy · wall_segment Palisade Wall x1 |
| 10:19 | Macluffy · wall_segment Palisade Wall x1 |
| 10:19 | Macluffy · wall_segment Palisade Wall x1 |
| 10:32 | Macluffy · wall_segment Palisade Wall x5 |
| 10:51 | Macluffy · age_up feudal |
| 11:09 | Macluffy · first_building Archery Range |
| 11:49 | Macluffy · wall_segment Palisade Wall x1 |
| 11:50 | Macluffy · wall_segment Palisade Wall x1 |
| 12:04 | Old Boris · first_building Archery Range |
| 12:31 | Macluffy · wall_segment Palisade Wall x1 |
| 12:32 | Macluffy · wall_segment Palisade Wall x1 |
| 12:33 | Macluffy · wall_segment Palisade Wall x1 |
| 12:35 | Macluffy · wall_segment Palisade Wall x1 |
| 13:32 | Macluffy · wall_segment Palisade Wall x1 |
| 13:34 | Macluffy · wall_segment Palisade Wall x1 |
| 14:06 | Macluffy · wall_segment Palisade Wall x1 |
| 14:11 | Old Boris · wall_segment Palisade Wall x8 |
| 14:13 | Old Boris · wall_segment Palisade Wall x1 |
| 14:32 | Old Boris · wall_segment Palisade Wall x1 |
| 15:01 | Old Boris · wall_segment Palisade Wall x1 |
| 15:34 | Old Boris · wall_segment Palisade Wall x1 |
| 15:47 | Old Boris · wall_segment Palisade Wall x8 |
| 16:17 | Old Boris · wall_segment Palisade Wall x11 |
| 19:05 | Old Boris · wall_segment Palisade Wall x1 |
| 20:51 | Macluffy · first_market_buy 100 food |
| 20:52 | Macluffy · first_market_sell 100 wood |
| 21:42 | Macluffy · wall_segment Palisade Wall x1 |
| 21:52 | Old Boris · age_up castle |
| 23:36 | Macluffy · age_up castle |
| 23:50 | Macluffy · first_building Siege Workshop |
| 24:12 | Macluffy · wall_segment Palisade Wall x1 |
| 25:37 | Old Boris · first_building Siege Workshop |
| 28:43 | Macluffy · first_building Monastery |
| 29:12 | Old Boris · resign |
[ ANÁLISIS IA · 1 CRÉDITO ]
¿Qué pasó realmente en esta partida?
Wolo.gg analiza cada decisión: build order, eco, micro, errores típicos por bracket. Análisis personalizado por WhatsApp o Discord en 30 segundos.
Guía civ
Indostaníes
Perfil
Jugador #2473598